 Dungeon Crawl Stone Soup version 0.22.0-38-g04b72b8 (webtiles) character file.

4310 poirepourri the Severer (level 10, -10/81 HPs)
             Began as a Deep Dwarf Fighter on Aug 29, 2018.
             Was a Priest of Makhleb.
             Mangled by a skeletal warrior
             ... wielding a +0 mace
              (21 damage)
             ... on level 8 of the Dungeon.
             The game lasted 00:06:06 (4670 turns).

poirepourri the Severer (Deep Dwarf Fighter)        Turns: 4670, Time: 00:06:07

Health: -10/81     AC: 10    Str: 20    XL:     10   Next: 11%
Magic:  8/8        EV: 11    Int:  9    God:    Makhleb [***...]
Gold:   45         SH: 10    Dex: 15    Spells: 9/9 levels left

rFire    . . .     SeeInvis .   a - +4 war axe (freeze)
rCold    . . .     Gourm    .   c - +1 shield
rNeg     . . .     Faith    .   q - +0 scale mail
rPois    .         Spirit   .   (no helmet)
rElec    .         Reflect  .   s - +0 cloak
rCorr    .         Harm     .   (no gloves)
MR       +....     Rnd*Tele +   h - +1 pair of boots
Stlth    ..........             (no amulet)
HPRegen  0.00/turn              p - +4 ring of evasion
MPRegen  0.11/turn              y - ring of teleportation (curse)

@: non-regenerating
A: damage resistance, heal wounds, sense surroundings 2, no regeneration
a: Heal Wounds, Minor Destruction, Lesser Servant of Makhleb, Renounce Religion


You were on level 8 of the Dungeon.
You worshipped Makhleb.
Makhleb was most pleased with you.
You were not hungry.

You visited 1 branch of the dungeon, and saw 8 of its levels.

You collected 245 gold pieces.
You spent 200 gold pieces at shops.

Inventory:

Hand Weapons
 a - a +4 war axe of freezing (weapon)
 b - a +2 flail of protection
Missiles
 e - a throwing net (quivered)
 j - 5 exploding tomahawks
 n - 48 bolts
 o - 5 tomahawks
Armour
 c - a +1 shield (worn)
 h - a +1 pair of boots (worn)
 q - a +0 scale mail (worn)
 s - a +0 cloak (worn)
Jewellery
 d - a cursed amulet of inaccuracy {unknown}
 p - a +4 ring of evasion (left hand)
 t - a +2 ring of slaying
 w - a +3 ring of evasion
 y - a cursed ring of teleportation (right hand)
Wands
 l - a wand of polymorph (19)
Scrolls
 m - 3 scrolls of teleportation
 u - a scroll of blinking
 D - a scroll of identify
Potions
 g - 3 potions of heal wounds
 i - 2 potions of invisibility
 k - 2 potions of resistance
 r - a potion of flight
 v - a potion of curing {unknown}
 x - 2 potions of magic
 z - a potion of haste {unknown}
 A - a potion of agility
 B - a potion of lignification {unknown}
 C - a potion of brilliance {unknown}
Comestibles
 f - 6 rations


   Skills:
 - Level 2.6 Fighting
 + Level 15.2 Axes
 - Level 3.2 Armour
 - Level 3.2 Shields


You had 9 spell levels left.
You didn't know any spells.
Your spell library contained the following spells:

 Spells                   Type           Power        Failure   Level  Hunger
 Flame Tongue             Conj/Fire      #....        99%         1    ##.....
 Throw Flame              Conj/Fire      #.....       100%        2    ###....
 Conjure Flame            Conj/Fire      #.......     100%        3    ####...
 Inner Flame              Hex/Fire       #.......     100%        3    ####...
 Sticky Flame             Conj/Fire      #.......     100%        4    #####..
 Fireball                 Conj/Fire      #.........   100%        5    ######.


Dungeon Overview and Level Annotations

Branches:
Dungeon (9/15)             Temple (0/1) D:5            Lair (0/6) D:8
    Orc: D:9-12

Altars:
Ashenzari
Dithmenos
Gozag
Makhleb
Nemelex Xobeh
Vehumet
Wu Jian
Xom
Zin
The Shining One

Shops:
D:5 :   D:9 *

Portals:
Sewer: D:4

Annotations:
D:9 Maurice


Innate Abilities, Weirdness & Mutations

You are resistant to damage.
You can heal yourself by infusing magical energy.
You passively map the area around you.
You do not regenerate.


Message History

The skeletal warrior barely misses you.
You hit the skeletal warrior.
The skeletal warrior is lightly damaged.
You hit the skeletal warrior but do no damage.
The skeletal warrior is lightly damaged.
The skeletal warrior hits you from afar with a halberd!
The skeletal warrior hits you with a mace!
You closely miss the skeletal warrior.
The skeletal warrior is lightly damaged.
The skeletal warrior hits you but does no damage.
The skeletal warrior hits you with a mace!!
* * * LOW HITPOINT WARNING * * *
Your shield and scale mail prevent you from hitting the skeletal warrior.
The skeletal warrior is lightly damaged.
The skeletal warrior hits you from afar with a halberd!
* * * LOW HITPOINT WARNING * * *
You hit the skeletal warrior. You freeze the skeletal warrior.
The skeletal warrior is lightly damaged.
The skeletal warrior hits you with a mace!!
You die...

............# ##......
............# ### ##.....
............# #[###
##.... , ...........#*
##...## ##... ,
...........#
#.....#####...
.......(..#*
##......##..### *
.......Jg## #[.........##
*,,
.......czz####.........##
**,
........#zz@............#
......?#####............#
* ####### ###.........##
##.......## #####.### ###


You could see 4 skeletal warriors, a centaur, a jelly and a gnoll.

Vanquished Creatures
  A hornet (D:9)
  Prince Ribbit (D:5)
  4 yaks (D:8)
  Eustachio (D:5)
  Edmund (D:5)
  3 porcupines (D:8)
  An ice beast (D:8)
  An orc warrior (D:6)
  2 sky beasts
  4 ogres
  A phantom (D:9)
  2 centaurs
  4 crocodiles (D:8)
  2 scorpions (D:4)
  4 wights (D:9)
  A howler monkey (D:6)
  3 crimson imps
  7 hounds
  10 orc wizards
  A gnoll shaman (D:5)
  5 orc priests
  Crazy Yiuf (D:3)
  2 iguanas (D:8)
  3 worker ants
  A killer bee zombie (D:3)
  6 gnolls
  10 adders
  4 adder skeletons
  4 dart slugs
  5 worms
  4 leopard geckos
  25 orcs
  3 ball pythons
  5 giant cockroaches
  9 goblins
  9 hobgoblins
  15 jackals
  5 quokkas
  5 bats
  3 frilled lizards
  6 kobolds
  7 rats
  A fungus (D:8)
192 creatures vanquished.

Notes
Turn   | Place    | Note
-------+----------+-------------------------------------------
     0 | D:1      | poirepourri the Deep Dwarf Fighter began the quest for the Orb.
     0 | D:1      | Reached XP level 1. HP: 20/20 MP: 1/1
    27 | D:1      | Reached skill level 3 in Axes
    27 | D:1      | Reached XP level 2. HP: 25/27 MP: 2/2
   138 | D:1      | Reached XP level 3. HP: 22/33 MP: 3/3
   170 | D:1      | Reached skill level 4 in Axes
   479 | D:2      | Reached skill level 5 in Axes
   479 | D:2      | Reached XP level 4. HP: 27/40 MP: 4/4
  1019 | D:3      | Found a runed door.
  1223 | D:3      | Reached XP level 5. HP: 43/46 MP: 5/5
  1322 | D:3      | Reached skill level 6 in Axes
  1539 | D:3      | Found a shadowy altar of Dithmenos.
  1743 | D:3      | Noticed Crazy Yiuf
  1760 | D:3      | Killed Crazy Yiuf
  1916 | D:4      | Reached skill level 7 in Axes
  1916 | D:4      | Reached XP level 6. HP: 44/55 MP: 6/6
  2030 | D:4      | Found a sparkling altar of Nemelex Xobeh.
  2030 | D:4      | Found a radiant altar of Vehumet.
  2030 | D:4      | Found a burning altar of Makhleb.
  2030 | D:4      | Found a shimmering altar of Xom.
  2043 | D:4      | Found a shattered altar of Ashenzari.
  2045 | D:4      | Became a worshipper of Makhleb the Destroyer
  2059 | D:4      | Found an ornate altar of the Wu Jian Council.
  2134 | D:4      | Reached skill level 8 in Axes
  2189 | D:4      | Reached XP level 7. HP: 52/61 MP: 6/6
  2345 | D:4      | Found a glowing drain.
  2455 | D:5      | Entered Level 5 of the Dungeon
  2497 | D:5      | Reached skill level 9 in Axes
  2507 | D:5      | Noticed Prince Ribbit
  2519 | D:5      | Killed Prince Ribbit
  2526 | D:5      | Reached skill level 10 in Axes
  2540 | D:5      | Reached * piety under Makhleb
  2620 | D:5      | Noticed Edmund
  2638 | D:5      | Killed Edmund
  2638 | D:5      | Reached XP level 8. HP: 42/68 MP: 6/6
  2929 | D:5      | Reached skill level 11 in Axes
  2965 | D:5      | Found Jejuywi's Book Boutique.
  2994 | D:5      | Found a staircase to the Ecumenical Temple.
  3422 | D:5      | Found an opulent altar of Gozag.
  3423 | D:5      | Found a glowing silver altar of Zin.
  3435 | D:5      | Found a glowing golden altar of the Shining One.
  3537 | D:5      | Noticed Eustachio
  3549 | D:5      | Killed Eustachio
  3549 | D:5      | Reached skill level 12 in Axes
  3747 | D:6      | Reached ** piety under Makhleb
  3846 | D:6      | Gained mutation: You passively map the area around you. [Deep Dwarf growth]
  3846 | D:6      | Reached XP level 9. HP: 29/74 MP: 7/7
  3930 | D:6      | You fall through a shaft for 3 floors!
  3930 | D:9      | Found Kiogussu's Assorted Antiques.
  3937 | D:9      | Bought a fizzy ruby potion for 26 gold pieces
  3937 | D:9      | Bought a scroll of identify for 58 gold pieces
  3937 | D:9      | Bought a scroll of identify for 58 gold pieces
  3937 | D:9      | Bought a scroll of identify for 58 gold pieces
  3957 | D:9      | Reached skill level 13 in Axes
  4101 | D:9      | Noticed Maurice
  4340 | D:8      | Reached skill level 14 in Axes
  4352 | D:8      | Found a staircase to the Lair.
  4361 | D:8      | Reached skill level 15 in Axes
  4361 | D:8      | Reached XP level 10. HP: 47/81 MP: 8/8
  4384 | D:8      | Reached *** piety under Makhleb
  4653 | D:8      | Noticed a skeletal warrior
  4654 | D:8      | Noticed a skeletal warrior
  4655 | D:8      | Noticed a skeletal warrior
  4655 | D:8      | Noticed a skeletal warrior
  4670 | D:8      | Mangled by a skeletal warrior

Skill      XL: |  1  2  3  4  5  6  7  8  9 |
---------------+----------------------------+-----
Axes           | 3 5 7 8 10 12 15 | 15.2
Fighting       | |  2.6
Armour         | |  3.2
Shields        | |  3.2

Action                   |  1- 3 |  4- 6 |  7- 9 | 10-12 || total
-------------------------+-------+-------+-------+-------++-------
Melee: War axe           |    93 |   220 |   372 |    44 ||   729
       Unarmed           |       |    11 |       |       ||    11
 Abil: Heal Wounds       |       |     3 |    11 |       ||    14
  Use: Scroll            |     5 |     5 |     5 |       ||    15
 Stab: Distracted        |       |       |     1 |       ||     1
  Eat: Ration            |       |     2 |     2 |       ||     4
Armor: Scale mail        |    68 |    83 |    91 |    10 ||   252
Dodge: Dodged            |    36 |    70 |   100 |    12 ||   218
Block: Shield            |    59 |   114 |   152 |     8 ||   333
